 Dungeon Crawl Stone Soup version 0.30-a0-439-g9e77e4d916 (webtiles) character file.

Game seed: 14016514690583518133

553 p00ps00p the Trooper (level 7, -1/62 HPs)
             Began as a Hill Orc Fighter on Dec 11, 2022.
             Slain by a hobgoblin (2 damage)
             ... on level 4 of the Dungeon.
             The game lasted 00:04:04 (3117 turns).

p00ps00p the Trooper (Hill Orc Fighter)             Turns: 3117, Time: 00:04:04

Health: -1/62      AC:  8    Str: 21    XL:     7   Next: 29%
Magic:  7/7        EV:  9    Int:  8    God:
Gold:   282        SH:  5    Dex: 10    Spells: 6/6 levels left

rFire   . . .      SeeInvis .    a - +2 war axe
rCold   . . .      Faith    .    c - +0 buckler
rNeg    . . .      Spirit   .    b - +0 scale mail
rPois   .          Reflect  .    (no helmet)
rElec   .          Harm     .    d - +0 cloak
rCorr   .          Rampage  .    (no gloves)
Will    .....                    (no boots)
Stlth   ..........               (no amulet)
HPRegen 0.30/turn                (no ring)
MPRegen 0.10/turn                (no ring)

@: no status effects
A: no striking features
a: no special abilities


You were on level 4 of the Dungeon.
You visited 1 branch of the dungeon, and saw 4 of its levels.

You collected 282 gold pieces.

Inventory:

Hand Weapons
 a - a +2 war axe (weapon)
Armour
 b - a +0 scale mail (worn)
 c - a +0 buckler (worn)
 d - a +0 cloak (worn)
Wands
 p - a wand of flame (13)
Scrolls
 j - a scroll of blinking
 k - a scroll of teleportation
Potions
 e - a potion of flight {unknown}
 f - 2 potions of curing
 g - 2 potions of heal wounds
 h - a potion of lignification {unknown}
 i - 2 potions of degeneration {unknown}
 m - 2 potions of mutation {unknown}


   Skills:
 + Level 5.7 Fighting
 + Level 5.5 Axes
 + Level 5.3 Armour
 + Level 5.2 Shields


You had 6 spell levels left.
You didn't know any spells.
Your spell library contained the following spells:

 Spells                   Type           Power      Damage    Failure   Level
 Beastly Appendage        Tmut           0%         N/A       82%         1
 Slow                     Hex            0%         N/A       82%         1
 Wereblood                Tmut           0%         N/A       91%         2
 Confusing Touch          Hex            0%         N/A       99%         3
 Spider Form              Tmut/Pois      0%         N/A       99%         3
 Vampiric Draining        Necr           0%         2d6       99%         3
 Summon Forest            Summ/Tloc      0%         N/A       100%        5
 Eringya's Noxious Bog    Tmut/Pois      0%         N/A       100%        6
 Summon Hydra             Summ           0%         N/A       100%        7


Dungeon Overview and Level Annotations

Branches:
Dungeon (4/15)
 Temple: D:4-7

Altars:

Shops:
D:1 ?

Annotations:
D:4 3 runed translucent doors, Pikel


Message History

You hit the lemure. The lemure hits you. Pikel barely misses you.
The lemure barely misses you.
You closely miss Pikel.
Pikel is moderately wounded.
You hit the lemure. You hit the giant cockroach. You closely miss the lemure.
The giant cockroach bites you but does no damage.
The lemure hits you but does no damage. x2
Pikel hits you with a +2 whip of freezing.
Pikel freezes you.
The giant cockroach bites you but does no damage.
You slash Pikel!
Pikel is severely wounded.
You closely miss the giant cockroach. You hit the lemure.
You closely miss the lemure. The lemure completely misses you.
The lemure hits you.
Pikel hits you with a +2 whip of freezing.
Pikel freezes you.
* * * LOW HITPOINT WARNING * * *
The giant cockroach bites you but does no damage.
You slash Pikel!
Pikel is almost dead.
You closely miss the lemure. You hit the giant cockroach.
You kill the giant cockroach!
You barely miss the lemure. The lemure hits you.
* * * LOW HITPOINT WARNING * * *
The lemure barely misses you. Pikel barely misses you.
The lemure hits you but does no damage.
Pikel hits you with a +2 whip of freezing.
* * * LOW HITPOINT WARNING * * *
Pikel freezes you.
* * * LOW HITPOINT WARNING * * *
You block the lemure's attack. The lemure hits you but does no damage.
You closely miss Pikel.
Pikel is almost dead.
You hit the lemure. You hit the lemure but do no damage. You hit the hobgoblin.
You closely miss the lemure. The lemure barely misses you.
Pikel closely misses you. The lemure hits you!
* * * LOW HITPOINT WARNING * * *
The lemure barely misses you. The hobgoblin hits you.
You die...

..# . +.......... ..
###..##..........
#####....##.......### .#
#...........###......
... ......$.#. #...###
.... .......#.###......
.....###.....# #........
......K......+ #.#......
......5@†....###.#......
#.....55g......#...<....
#..........#......#.....
#..........#.....##.....
#..........#.....##.....
##.........#............
#......................
.........#.####........
........####..†.....


You could see Pikel, 3 lemures and a hobgoblin.

Vanquished Creatures
  An ogre (D:3)
  A lemure (D:4)
  A kobold brigand (D:4)
  Crazy Yiuf (D:2)
  An orc priest (D:4)
  An iguana (D:4)
  2 orc wizards (D:4)
  Ijyb (D:4)
  Natasha (thrice) (D:2)
  4 gnolls (D:2)
  6 adders
  9 orcs
  6 endoplasms
  4 giant cockroaches
  5 goblins
  3 hobgoblins
  7 jackals
  A quokka (D:2)
  9 ball pythons
  9 bats
  A frilled lizard (D:1)
  5 kobolds
  3 rats
84 creatures vanquished.

Notes
Turn   | Place    | Note
-------+----------+-------------------------------------------
     0 | D:1      | p00ps00p the Hill Orc Fighter began the quest for the Orb.
     0 | D:1      | Reached XP level 1. HP: 19/19 MP: 1/1
    92 | D:1      | Reached XP level 2. HP: 27/27 MP: 2/2
   352 | D:1      | Found Idoaskao's Magic Scroll Shoppe.
   510 | D:2      | Noticed Natasha
   519 | D:2      | Killed Natasha
   520 | D:2      | Reached XP level 3. HP: 10/33 MP: 3/3
   607 | D:2      | Found a faded altar of an unknown god.
   650 | D:2      | Noticed Natasha
   659 | D:2      | Killed Natasha
   660 | D:2      | Reached XP level 4. HP: 13/41 MP: 4/4
   677 | D:2      | Noticed Natasha
   692 | D:2      | Killed Natasha
  1196 | D:2      | Reached XP level 5. HP: 47/47 MP: 5/5
  1434 | D:2      | Found a runed translucent door.
  1435 | D:2      | Noticed Crazy Yiuf
  1686 | D:2      | Killed Crazy Yiuf
  1968 | D:3      | Reached skill level 5 in Fighting
  1968 | D:3      | Reached XP level 6. HP: 52/56 MP: 6/6
  2315 | D:3      | Reached skill level 5 in Axes
  2568 | D:4      | Reached skill level 5 in Armour
  2614 | D:4      | Found a runed translucent gate.
  2615 | D:4      | Found a runed translucent gate.
  2616 | D:4      | Found a runed translucent gate.
  2631 | D:4      | Noticed Ijyb
  2641 | D:4      | Reached skill level 5 in Shields
  2641 | D:4      | Reached XP level 7. HP: 25/61 MP: 7/7
  2647 | D:4      | HP: 3/61 [Ijyb/puff of flame (3)]
  2655 | D:4      | Killed Ijyb
  3104 | D:4      | Noticed Pikel
  3117 | D:4      | HP: 1/62 [lemure[Pikel] (7)]
  3117 | D:4      | Slain by a hobgoblin

Illustrated notes

Levels and vault maps discovered:
D:1:      dpeg_arrival_rhombus, layout_basic, serial_shops, shop
D:2:      layout_loops_ring, basic_ecumenical_altar, grunt_ministairs_13,
          nrook_loot_triangle, kennysheep_another_room, uniq_crazy_yiuf_cottage,
          uniq_natasha
D:3:      layout_loops_ring
D:4:      layout_basic, gammafunk_ghost_icy, grunt_ministairs_14, uniq_ijyb,
          uniq_pikel, uniq_duvessa, uniq_menkaure, uniq_sigmund

Skill      XL: |  1  2  3  4  5  6 |
---------------+-------------------+-----
Axes           | 3 4 5 |  5.5
Fighting       | 4 5 |  5.7
Armour         | 4 5 |  5.3
Shields        | 4 5 |  5.2

Action                   |  1- 3 |  4- 6 |  7- 9 || total
-------------------------+-------+-------+-------++-------
Melee: War axe           |    67 |   143 |    69 ||   279
  Use: Scroll            |     1 |     4 |     5 ||    10
       Potion            |       |     1 |       ||     1
Armor: Scale mail        |    40 |    68 |    36 ||   144
Dodge: Dodged            |    40 |    86 |    29 ||   155
Block: Buckler           |    15 |    26 |    15 ||    56

Table legend: (Time is in decaauts)
 A = Elapsed time spent in this place.
 B = Non-inter-level travel time spent in this place.
 C = Inter-level travel time spent in this place.
 D = Time resting spent in this place.
 E = Time spent auto-exploring this place.
 F = Levels seen in this place.
 G = Mean time per level.
                   A        B        C        D        E       F      G
               +--------+--------+--------+--------+--------+-----+--------+
         Total |   3193 |   3100 |     93 |     57 |   2389 |   4 |  798.2 |
       Dungeon |   3193 |   3100 |     93 |     57 |   2389 |   4 |  798.2 |
               +--------+--------+--------+--------+--------+-----+--------+

Top non-repeatable levels by time:
     D:2: 1377 daAuts
     D:3: 756 daAuts
     D:4: 576 daAuts
     D:1: 482 daAuts
